 Dungeon Crawl Stone Soup version 0.21-a0-28-g9a7844a (webtiles) character file.

24 TheGoonsmith the Skirmisher (level 2, -1/24 HPs)
             Began as a Demonspawn Berserker on May 25, 2017.
             Was a Follower of Trog.
             Slain by a hobgoblin
             ... wielding a +0 club
              (6 damage)
             ... on level 1 of the Dungeon.
             The game lasted 00:01:02 (1148 turns).

TheGoonsmith the Skirmisher (Demonspawn Berserker)  Turns: 1148, Time: 00:01:03

Health: -1/24      AC:  2    Str: 17    XL:     2   Next: 79%
Magic:  2/2        EV: 12    Int:  8    God:    Trog [*.....]
Gold:   45         SH:  0    Dex: 12    Spells: 1/1 levels left

rFire    . . .     SeeInvis .   a - +0 mace
rCold    . . .     Gourm    .   (no shield)
rNeg     . . .     Faith    .   b - +0 animal skin
rPois    .         Spirit   .   (no helmet)
rElec    .         Reflect  .   (no cloak)
rCorr    .         Harm     .   (no gloves)
MR       .....                  (no boots)
Stlth    +.........             (no amulet)
Regen    0.1/turn               (no ring)
MPRegen  0.1/turn               (no ring)

@: no status effects
A: claws 1
a: Berserk, Burn Spellbooks, Renounce Religion


You were on level 1 of the Dungeon.
You worshipped Trog.
Trog was aware of your devotion.
You were hungry.

You visited 1 branch of the dungeon, and saw 1 of its levels.

You collected 45 gold pieces.

Inventory:

Hand Weapons
 a - a +0 mace (weapon)
 f - a +1 dagger of draining
Armour
 b - a +0 animal skin (worn)
Jewellery
 e - an uncursed ring of wizardry {unknown}
 i - an uncursed ring of fire {unknown}
Scrolls
 d - a scroll of enchant armour {unknown}
 g - 2 scrolls of remove curse {unknown}
Potions
 h - a potion of might {unknown}
 j - a potion of brilliance {unknown}
Comestibles
 c - a bread ration


   Skills:
 + Level 3.5 Fighting
 - Level 3.0 Maces & Flails
 - Level 1.7 Armour
 - Level 1.7 Dodging
 * Level 1.0 Unarmed Combat


You had one spell level left.
You didn't know any spells.

Dungeon Overview and Level Annotations

Branches:
Dungeon (1/15)

Altars:


Innate Abilities, Weirdness & Mutations

You have sharp fingernails.


Message History

The hobgoblin hits you.
You hit the hobgoblin but do no damage.
The hobgoblin is severely wounded.
The hobgoblin closely misses you.
You sock the hobgoblin!
You kill the hobgoblin!
Trog accepts your kill.
You hit the hobgoblin but do no damage. The hobgoblin hits you with a club.
You hit the hobgoblin but do no damage. The hobgoblin completely misses you.
You hit the hobgoblin.
The hobgoblin is heavily wounded.
The hobgoblin barely misses you. The hobgoblin hits you with a club.
* * * LOW HITPOINT WARNING * * *
You hit the hobgoblin but do no damage.
The hobgoblin is heavily wounded.
The hobgoblin barely misses you.
You hit the hobgoblin but do no damage.
The hobgoblin is heavily wounded.
The hobgoblin hits you with a club.
You die...

#.........## #.# #.....†.....#
...#####...## #.####.##...##..#
#.#.###.#.#.## ##.....#...†.#..#
#.##.#.##.##.## #######........#
#.###.###.###.#########.........
##.##.#.##.####.##..........##..#
.....###.........'.#######..#.#..
##.### ###.####..#...........####
##.# #.###.#@#########...# # #.##
##.#.##g# .........#### .##
##.###.###.#####.#...## #.##
##.#.##.#.....# #.###.## ##.#
#.###.#.#g....###. #.## ##)###
###.####..#........ #.##
.....###..<......'g....#.# #.##
##.##.#.##.####.##...!.#.#####.##
#.###.###.###.#####.............


You could see a hobgoblin.

Vanquished Creatures
  An ooze (D:1)
  2 leopard geckos (D:1)
  2 giant cockroaches (D:1)
  2 goblins (D:1)
  3 hobgoblins (D:1)
  3 kobolds (D:1)
  2 bats (D:1)
  A rat (D:1)
16 creatures vanquished.

Notes
Turn   | Place    | Note
-------+----------+-------------------------------------------
     0 | D:1      | TheGoonsmith the Demonspawn Berserker began the quest for the Orb.
     0 | D:1      | Reached XP level 1. HP: 18/18 MP: 1/1
   159 | D:1      | Gained mutation: You have sharp fingernails. [demonic ancestry]
   159 | D:1      | Reached XP level 2. HP: 12/24 MP: 2/2
   964 | D:1      | Reached skill level 1 in Unarmed Combat
  1148 | D:1      | Slain by a hobgoblin

Vault maps used:
D:1:      roderic_octagonal_star, minmay_misc_feat_enclosed

Skill      XL: |  1  2 |
---------------+-------+-----
Maces & Flails | 3 |  3.0
Unarmed Combat | 1 |  1.0
Fighting       | |  3.5
Armour         | |  1.7
Dodging        | |  1.7

Action                   || total
-------------------------++-------
Melee: Mace              ||    62
Armor: Animal skin       ||     6
Dodge: Dodged            ||    36
